 Dungeon Crawl Stone Soup version 0.31-a0-210-gccc998df9b (webtiles) character file.

Game seed: 6608071718079003083

18977 ytrimaz the Thaumaturge (level 12, -14/74 HPs)
             Began as a Mummy Necromancer on June 30, 2023.
             Was a High Priest of Kikubaaqudgha.
             Killed from afar by a storm dragon (39 damage)
             ... with a bolt of lightning
             ... on level 12 of the Dungeon.
             The game lasted 00:31:38 (17241 turns).

ytrimaz the Thaumaturge (Mummy Necromancer)        Turns: 17241, Time: 00:31:38

Health: -14/74     AC: 10    Str: 11    XL:     12   Next: 32%
Magic:  15/29      EV: 15    Int: 19    God:    Kikubaaqudgha [*****.]
Gold:   729        SH:  0    Dex: 13    Spells: 3/38 levels left

rFire   . . .        q - +2 short sword (protect)
rCold   . . .        (no shield)
rNeg    + + +        A - +0 troll leather armour
rPois   ∞            B - +2 helmet
rElec   .            v - +0 cloak {Stlth+}
rCorr   .            (no gloves)
SInv    .            z - +1 pair of boots
Will    ++...        d - amulet of regeneration
Stlth   +++          b - ring of Baanemn {Fire rN+ Will+ Slay+2}
HPRegen 1.92/turn    c - ring of wizardry
MPRegen 0.21/turn

%: faith, wizardry (x1)
@: no status effects
A: cold resistance 1, negative energy resistance 3, torment resistance 2, heat
vulnerability 1, in touch with death 1, no potions, faith
a: Renounce Religion, Unearth Wretches, Torment


You were on level 12 of the Dungeon.
You worshipped Kikubaaqudgha.
Kikubaaqudgha was extremely pleased with you.
You visited 1 branch of the dungeon, and saw 12 of its levels.
You also visited: Sewer and Ossuary.

You collected 825 gold pieces.
You spent 96 gold pieces at shops.


Innate Abilities, Weirdness & Mutations

You are immune to poison.
Your flesh is cold resistant. (rC+)
You are immune to negative energy. (rN+++)
You are immune to unholy pain and torment.
You are vulnerable to heat. (rF-)
You are in touch with the powers of death.
You do not drink.
You have a special connection with the divine. (Faith)


   Skills:
 - Level 10.0 Dodging
 - Level 1.5 Stealth
 + Level 13.5 Spellcasting
 + Level 12.0 Necromancy
 - Level 5.0 Earth Magic


You had 3 spell levels left.
You knew the following spells:

 Your Spells              Type           Power      Damage    Failure   Level
a - Borgnjor's Vile Clut  Necr/Erth      30%        N/A       2%          5
b - Vampiric Draining     Necr           73%        2d11      1%          3
c - Dispel Undead         Necr           73%        3d24      1%          4
d - Agony                 Necr           73%        N/A       1%          5
e - Animate Dead          Necr           73%        N/A       1%          4
f - Death Channel         Necr           36%        N/A       3%          6
g - Necrotise             Necr           100%       1d9       1%          1
h - Haunt                 Necr/Summ      26%        N/A       86%         7

Your spell library contained the following spells:

 Spells                   Type           Power      Damage    Failure   Level
 Cigotuvi's Dreadful Rot  Necr/Pois/Air  84%        N/A       1%          2
 Blink                    Tloc           24%        N/A       4%          2
 Ensorcelled Hibernation  Hex/Ice        24%        N/A       4%          2
 Gell's Gravitas          Tloc           12%        N/A       9%          3
 Summon Guardian Golem    Hex/Summ       12%        N/A       9%          3
 Teleport Other           Tloc           12%        N/A       9%          3
 Vhi's Electric Charge    Tloc/Air       24%        N/A       9%          3
 Volatile Blastmotes      Fire/Tloc      38%        2d13      9%          3
 Anguish                  Hex/Necr       26%        N/A       2%          4
 Lee's Rapid Deconstruct  Erth           15%        3d10*     10%         5
 Fulminant Prism          Conj/Hex       6%         3d6       26%         4
 Iskenderun's Mystic Bla  Conj/Tloc      12%        2d5       26%         4
 Manifold Assault         Tloc           12%        N/A       26%         4
 Olgreb's Toxic Radiance  Pois           12%        N/A       26%         4
 Arcjolt                  Conj/Air       6%         1d16      56%         5
 Dispersal                Tloc           6%         N/A       98%         6
 Plasma Beam              Fire/Air       9%         2x1d20    98%         6
 Discord                  Hex            6%         N/A       100%        8
 Ignition                 Fire           9%         3d5       100%        8
 Dragon's Call            Summ           6%         N/A       100%        9
 Spider Form              Tmut/Pois      Unusable   N/A       N/A         3
 Storm Form               Tmut/Air       Unusable   N/A       N/A         7

Inventory:

Hand Weapons
 q - a +2 short sword of protection (weapon)
   (You took it off a kobold in a sewer)
Armour
 i - a +2 robe of cold resistance
   (You took it off Sigmund on level 3 of the Dungeon)
 n - a +2 robe of willpower
   (You took it off Psyche on level 8 of the Dungeon)
 v - a +0 cloak of stealth (worn)
   (You took it off Maurice on level 8 of the Dungeon)
 y - +0 steam dragon scales
   (You found it on level 10 of the Dungeon)
 z - a +1 pair of boots (worn)
   (You found it on level 10 of the Dungeon)
 A - a +0 troll leather armour (worn)
   (You found it on level 10 of the Dungeon)
 B - a +2 helmet (worn)
   (You found it on level 10 of the Dungeon)
Jewellery
 b - the ring of Baanemn (left hand) {Fire rN+ Will+ Slay+2}
   (You acquired it on level 1 of the Dungeon)

   [ring of fire]

   It enhances your fire magic.
   Slay:      It affects your accuracy & damage with ranged weapons and melee
   (+2).
   rF:        It protects you from fire.
   rC:        It makes you vulnerable to cold.
   rN:        It protects you from negative energy.
   Will:      It increases your willpower.
 c - a ring of wizardry (right hand)
   (You found it on level 3 of the Dungeon)
 d - an amulet of regeneration (around neck)
   (You found it on level 3 of the Dungeon)
 u - a +6 ring of strength
   (You found it on level 6 of the Dungeon)
 w - a +4 ring of protection
   (You found it on level 9 of the Dungeon)
 C - an amulet of the acrobat
   (You found it on level 12 of the Dungeon)
 D - a ring of ice
   (You took it off Fannar on level 12 of the Dungeon)
Wands
 o - a wand of paralysis (3)
   (You found it on level 10 of the Dungeon)
 r - a wand of mindburst (5)
   (You found it in a sewer)
 s - a wand of roots (14)
   (You found it on level 7 of the Dungeon)
 x - a wand of light (2)
   (You took it off an orc on level 9 of the Dungeon)
Scrolls
 a - 3 scrolls of fog
 e - 4 scrolls of amnesia
 f - 2 scrolls of teleportation
 g - 2 scrolls of noise
 h - a scroll of revelation
 j - a scroll of torment
 l - a scroll of enchant armour
 m - 4 scrolls of poison
 p - a scroll of enchant weapon
 t - 8 scrolls of identify

Dungeon Overview and Level Annotations

Branches:
Dungeon (12/15) Zot: 24928  Temple (0/1) D:7            Lair (0/5) D:9
    Orc (0/2) D:11          Sewer (visited)         Ossuary (visited)

Altars:
Cheibriados
Kikubaaqudgha
Makhleb
Vehumet
Wu Jian

Shops:
D:4 ?   D:8 !

Annotations:
D:9 1 runed translucent door, zazu2006's ghost, journeyman GnWn

..#....#...#####....#
..#....#.......#....#
###....#.......#....# ######
.......#.......#....## #....#
.#####.#.......#..)..# #.8..# .#
#.#.......#.....# #....# .#
#.#.......#.....####....# .#
#.#######'#.............#
.#####..........@............#
.......................D.....#
###..........................##
..#........................#..###
..#.............................#
..#...#####.....#####.....##....#
..+...# #.....# #.....#....D#
..#...# ##...## ##...##.....#
..#...# ##.## ##.##..).#.#


You could see a storm dragon (catching breath).


Message History

You don't know that spell.
Aiming: Borgnjor's Vile Clutch (dangerous; 2% risk of failure)
Press: ? - help, Q - select action, (/) - cycle Shift-Dir - straight line, f/p - storm dragon
Aim: a storm dragon (100% to hit)
You feel a surge of power!
Zombie hands grab the storm dragon.
The zombie hands constrict the storm dragon.
The storm dragon struggles to escape constriction.
The deep elf pyromancer casts a spell.
The deep elf pyromancer blinks! 😎 MP[-4]
You lost 4 mp, and now have 21/29 mp.
Unknown command.
The zombie hands lose their grip on something.
The deep elf pyromancer mumbles some strange words.
The deep elf pyromancer blinks!
The deep elf pyromancer gestures wildly while chanting.
The deep elf pyromancer blinks!
The storm dragon bites you. The storm dragon claws you!
The storm dragon closely misses you. The storm dragon bites you.
The storm dragon closely misses you. The storm dragon misses you.
The deep elf pyromancer mumbles some strange words.
The deep elf pyromancer blinks! 😕 HP[-15]
You take 15 damage, and now have 59/74 hp.
MASSIVE DAMAGE!! (PAUSE)
Casting: Borgnjor's Vile Clutch (dangerous; 2% risk of failure)
Confirm with . or Enter, or press ? or * to list all spells.
Aiming: Agony (dangerous; 1% risk of failure)
Press: ? - help, Shift-Dir - straight line, f/p - storm dragon
Aim: a storm dragon (lightly wounded, chance to affect: 70%)
You feel a surge of power!
The storm dragon struggles to resist.
The storm dragon breathes lightning at you.
The bolt of lightning hits you!!
You hear a horrible gurgling sound!
You hear a shout! 😮 HP[-19] MP[-5]
You take 19 damage, and now have 40/74 hp.
MASSIVE DAMAGE!! (PAUSE)
You lost 5 mp, and now have 16/29 mp.
Casting: Agony (dangerous; 1% risk of failure)
Confirm with . or Enter, or press ? or * to list all spells.
Aiming: Agony (dangerous; 1% risk of failure)
Press: ? - help, Shift-Dir - straight line, f/p - storm dragon
Aim: a storm dragon (chance to affect: 70%)
You feel a surge of power!
The storm dragon struggles to resist.
The storm dragon breathes lightning at you.
The bolt of lightning hits you!!
* * * LOW HITPOINT WARNING * * *
😱 HP[-27] MP[-4]
You take 27 damage, and now have 13/74 hp.
MASSIVE DAMAGE!! (PAUSE)
You lost 4 mp, and now have 12/29 mp.
Okay, then.
Press: ? - help, v - describe, . - travel The floor.
As you read the scroll of fear, it crumbles to dust.
You assume a fearsome visage.
The storm dragon resists with almost no effort.
The storm dragon bites you but does no damage.
The storm dragon claws you!
* * * LOW HITPOINT WARNING * * *
The storm dragon misses you. 😱 HP[-5]
You take 5 damage, and now have 8/74 hp.
As you read the scroll of fear, it crumbles to dust.
You assume a fearsome visage.
The storm dragon resists with some effort.
The storm dragon bites you!
* * * LOW HITPOINT WARNING * * *
The storm dragon completely misses you.
The storm dragon tramples you but does no damage. 😱 HP[-6]
You take 6 damage, and now have 2/74 hp.
As you read the scroll of fear, it crumbles to dust.
You assume a fearsome visage.
The storm dragon looks frightened! 😱 HP[+2]
You regained 2 hp, and now have 4/74 hp.
As you read the scroll of teleportation, it crumbles to dust.
You feel strangely unstable. 😱 HP[+2]
You regained 2 hp, and now have 6/74 hp. 😱 HP[+2] MP[+1]
You regained 2 hp, and now have 8/74 hp. 😱 HP[+2]
You regained 2 hp, and now have 10/74 hp.
Your surroundings suddenly seem different. 😱 HP[+2]
You regained 2 hp, and now have 12/74 hp.
You start resting.
A storm dragon is nearby! 😨 HP[+10] MP[+1]
You regained 10 hp, and now have 22/74 hp.
Unknown command. 😨 HP[+2]
You regained 2 hp, and now have 24/74 hp.
The storm dragon breathes lightning at you.
The bolt of lightning hits you!!!
Ouch! That really hurt!
You die...
Kikubaaqudgha rasps: "You have failed me!
Welcome... oblivion!"

Skill      XL: |  1  2  3  4  5  6  7  8  9 10 11 12 |
---------------+-------------------------------------+-----
Spellcasting   | 3 4 5 6 8 10 11 12 13 | 13.5
Dodging        | 2 3 4 5 7 8 10 | 10.0
Necromancy     | 5 6 7 9 10 11 12 | 12.0
Earth Magic    | 4 5 |  5.0
Stealth        | |  1.5

Action                     |  1- 3 |  4- 6 |  7- 9 | 10-12 || total
---------------------------+-------+-------+-------+-------++-------
  Melee: Unarmed           |    14 |     9 |    79 |       ||   102
         Punch             |       |       |     1 |     7 ||     8
         Short sword       |       |       |   207 |   272 ||   479
   Cast: Necrotise         |    67 |   108 |   151 |    30 ||   356
         Vampiric Draining |       |     6 |    51 |    70 ||   127
         Animate Dead      |       |       |     7 |     6 ||    13
         Agony             |       |       |    12 |    21 ||    33
         Dispel Undead     |       |       |     1 |     3 ||     4
         Borgnjor's Vile C |       |       |       |    67 ||    67
         Death Channel     |       |       |       |     2 ||     2
 Invoke: Unearth Wretches  |       |       |     1 |     3 ||     4
    Use: Scroll            |     2 |     5 |     6 |     6 ||    19
   Stab: Sleeping          |     1 |       |     1 |       ||     2
         Paralysed         |       |       |     1 |     4 ||     5
         Distracted        |       |       |     1 |     1 ||     2
 Armour: Robe              |     6 |    19 |   252 |   120 ||   397
         Troll leather arm |       |       |       |   102 ||   102
  Dodge: Dodged            |    15 |    44 |   391 |   370 ||   820

Levels and vault maps discovered:
D:1:      matt_arrival_spirals, layout_basic
D:2:      kennysheep_big_flooded_room, layout_loops_corners, minmay_hedge_maze,
          uniq_terence, uniq_jessica
D:3:      minmay_razor_zed, layout_basic, uniq_sigmund
D:4:      layout_basic, nicolae_kikubaaqudgha_miasma_corner, serial_shops, shop,
          uniq_crazy_yiuf_cottage, uniq_robin
D:5:      layout_loops_cross, nicolae_overflow_quartered_altars,
          nicolae_ossuary_entry_giza, portal_sewer_entry_a
D:6:      layout_basic, uniq_edmund
D:7:      layout_layer_cave, zin_statuary, minmay_temple_entry_overgrown
D:8:      layout_cave_pools, fiery_altar_vehumet, serial_shops,
          nicolae_shop_statue_plus, special_room [special_room_orc],
          minivault_11, david_defended_altar_orc, uniq_psyche, uniq_erica,
          uniq_maurice, uniq_pikel
D:9:      layout_basic, lair_entry_dummy, ebering_ghost_reflecting_pool
D:10:     layout_loops_cross, uniq_maggie
D:11:     layout_stronghold, orc_0_dummy, grunt_decor_mini_mirrors, uniq_grum
D:12:     minmay_connected_boxes_in_corner, layout_irregular_city,
          serial_column_ruins, column_ruins_hut_ruined,
          column_ruins_columns_dead_end, column_ruins_grid_4,
          column_ruins_corridor_straight, column_ruins_grid_3,
          column_ruins_open_small, item_on_display_a, uniq_fannar,
          uniq_gastronok, uniq_kirke

Notes
Turn   | Place    | Note
-------+----------+-------------------------------------------
     0 | D:1      | ytrimaz the Mummy Necromancer began the quest for the Orb.
     0 | D:1      | Reached XP level 1. HP: 13/13 MP: 4/4
     0 | D:1      | magus.rc [v1.9.6]
   204 | D:1      | Reached skill level 3 in Spellcasting
   277 | D:1      | Reached XP level 2. HP: 17/19 MP: 1/6
   386 | D:1      | You pick up a book of Blasting and begin reading...
   386 | D:1      | You add the spells Volatile Blastmotes, Fulminant Prism,
                  | Iskenderun's Mystic Blast and Lee's Rapid Deconstruction to
                  | your library.
   951 | D:1      | Reached skill level 2 in Dodging
  1242 | D:1      | Identified a scroll of acquirement
  1242 | D:1      | Acquired the ring of Baanemn {Fire rN+ Will+ Slay+2}
  1406 | D:2      | Gained mutation: You are in touch with the powers of death.
                  | [Mummy growth]
  1406 | D:2      | Reached XP level 3. HP: 24/24 MP: 3/7
  1853 | D:2      | Reached XP level 4. HP: 30/30 MP: 6/9
  1932 | D:2      | Noticed Terence
  1942 | D:2      | Killed Terence
  1943 | D:2      | Reached skill level 4 in Spellcasting
  2045 | D:2      | Learned a level 3 spell: Vampiric Draining
  2050 | D:2      | Learned a level 4 spell: Animate Dead
  2479 | D:2      | Noticed Jessica
  2486 | D:2      | Killed Jessica
  2487 | D:2      | Reached XP level 5. HP: 27/35 MP: 2/11
  2846 | D:3      | Noticed a black bear
  2851 | D:3      | Killed a black bear
  2852 | D:3      | Reached skill level 3 in Dodging
  2852 | D:3      | Reached skill level 5 in Necromancy
  3106 | D:3      | Noticed Sigmund
  3114 | D:3      | Killed Sigmund
  3115 | D:3      | Reached skill level 5 in Spellcasting
  3115 | D:3      | Reached XP level 6. HP: 41/41 MP: 4/14
  3266 | D:3      | You add the spells Blink and Manifold Assault to your
                  | library.
  3704 | D:4      | Found Ceboned's Magic Scroll Shoppe.
  3709 | D:4      | Bought a scroll of identify for 24 gold pieces
  3709 | D:4      | Bought a scroll of identify for 24 gold pieces
  3709 | D:4      | Bought a scroll of fear for 48 gold pieces
  3802 | D:4      | Learned a level 5 spell: Agony
  4045 | D:4      | Found an ancient bone altar of Kikubaaqudgha.
  4079 | D:4      | Became a worshipper of Kikubaaqudgha
  4115 | D:4      | Noticed Robin
  4175 | D:4      | Killed Robin
  4176 | D:4      | Reached XP level 7. HP: 46/46 MP: 1/15
  4357 | D:4      | Reached skill level 4 in Dodging
  4414 | D:4      | Reached skill level 6 in Spellcasting
  4414 | D:4      | Reached skill level 6 in Necromancy
  4537 | D:4      | Reached * piety under Kikubaaqudgha
  4537 | D:4      | Received a gift from Kikubaaqudgha
  4701 | D:4      | Found a runed translucent door.
  4702 | D:4      | Noticed Crazy Yiuf
  4707 | D:4      | Killed Crazy Yiuf
  5001 | D:5      | Entered Level 5 of the Dungeon
  5100 | D:5      | Found a sand-covered staircase.
  5129 | Ossuary  | Entered an ossuary
  5405 | D:5      | Found a glowing drain.
  5424 | Sewer    | Entered a sewer
  5693 | Sewer    | Reached ** piety under Kikubaaqudgha
  5695 | Sewer    | Found a burning altar of Makhleb.
  5723 | Sewer    | Reached XP level 8. HP: 47/52 MP: 1/18
  5848 | Sewer    | Noticed Grinder
  5886 | Sewer    | Paralysed by Grinder for 4 turns
  5890 | Sewer    | Killed Grinder
  5891 | Sewer    | Reached skill level 5 in Dodging
  5891 | Sewer    | Reached skill level 7 in Spellcasting
  5941 | Sewer    | Reached skill level 7 in Necromancy
  6598 | D:5      | Found a burning altar of Makhleb.
  6599 | D:5      | Found an ornate altar of the Wu Jian Council.
  6806 | D:5      | Found a snail-covered altar of Cheibriados.
  6854 | D:5      | Noticed a hornet
  6860 | D:5      | Killed a hornet
  6861 | D:5      | Reached skill level 8 in Spellcasting
  7316 | D:6      | Reached XP level 9. HP: 28/57 MP: 21/21
  7386 | D:6      | Reached skill level 6 in Dodging
  7421 | D:6      | Reached *** piety under Kikubaaqudgha
  7421 | D:6      | You add the spells Anguish, Dispel Undead, Borgnjor's Vile
                  | Clutch and Death Channel to your library.
  7421 | D:6      | Received a gift from Kikubaaqudgha
  7422 | D:6      | Reached skill level 8 in Necromancy
  7442 | D:6      | Learned a level 4 spell: Dispel Undead
  7448 | D:6      | Learned a level 5 spell: Borgnjor's Vile Clutch
  7645 | D:6      | Noticed Edmund
  7650 | D:6      | Reached skill level 9 in Spellcasting
  7665 | D:6      | Killed Edmund
  8252 | D:7      | Found a staircase to the Ecumenical Temple.
  9291 | D:8      | Noticed Maurice
  9292 | D:8      | You add the spells Gell's Gravitas, Teleport Other and
                  | Dispersal to your library.
  9500 | D:8      | Found a radiant altar of Vehumet.
  9528 | D:8      | Found Keuqeocu's Distillery.
  9548 | D:8      | Reached skill level 9 in Necromancy
  9631 | D:8      | Killed Maurice
  9632 | D:8      | Reached skill level 7 in Dodging
  9632 | D:8      | Reached skill level 10 in Spellcasting
  9899 | D:8      | Noticed Psyche
  9914 | D:8      | Killed Psyche
  9914 | D:8      | Reached **** piety under Kikubaaqudgha
  9915 | D:8      | Reached XP level 10. HP: 62/63 MP: 3/24
 10103 | D:8      | Noticed Erica
 10123 | D:8      | Killed Erica
 10246 | D:8      | Noticed Pikel
 10301 | D:8      | Killed Pikel
 10405 | D:8      | Reached skill level 11 in Spellcasting
 10830 | D:9      | Reached skill level 10 in Necromancy
 11032 | D:9      | Reached skill level 8 in Dodging
 11145 | D:9      | Found a staircase to the Lair.
 11327 | D:9      | Reached ***** piety under Kikubaaqudgha
 11347 | D:9      | Learned a level 6 spell: Death Channel
 11775 | D:9      | You add the spells Summon Guardian Golem, Haunt and
                  | Dragon's Call to your library.
 11775 | D:9      | Got the Codex of the Congregation
 11837 | D:9      | Found a runed translucent door.
 11842 | D:9      | Noticed zazu2006's ghost (journeyman GnWn)
 12443 | D:10     | Entered Level 10 of the Dungeon
 12924 | D:10     | Noticed a two-headed ogre
 12931 | D:10     | Killed a two-headed ogre
 12932 | D:10     | Reached XP level 11. HP: 68/68 MP: 21/26
 12984 | D:10     | Reached skill level 12 in Spellcasting
 13269 | D:10     | Noticed Maggie
 13278 | D:10     | Killed Maggie
 13808 | D:11     | Found a staircase to the Orcish Mines.
 14090 | D:11     | Noticed a two-headed ogre
 14098 | D:11     | Killed a two-headed ogre
 14099 | D:11     | Reached skill level 11 in Necromancy
 14101 | D:11     | Reached skill level 9 in Dodging
 14211 | D:11     | Noticed Grum
 14217 | D:11     | Killed Grum
 15015 | D:11     | Learned a level 7 spell: Haunt
 15211 | D:12     | Noticed a centaur warrior
 15256 | D:12     | You pick up a book of Lightning and begin reading...
 15256 | D:12     | You add the spells Vhi's Electric Charge, Arcjolt and
                  | Plasma Beam to your library.
 15352 | D:12     | Noticed Gastronok
 15376 | D:12     | Killed Gastronok
 15377 | D:12     | Reached skill level 2 in Earth Magic
 15551 | D:12     | Noticed Fannar
 15572 | D:12     | Killed Fannar
 15573 | D:12     | Reached skill level 3 in Earth Magic
 15724 | D:12     | Noticed Kirke
 15732 | D:12     | Noticed a lindwurm
 15736 | D:12     | Killed Kirke
 15737 | D:12     | Reached skill level 4 in Earth Magic
 15770 | D:12     | Reached skill level 10 in Dodging
 16095 | D:12     | You add the spells Olgreb's Toxic Radiance, Ignition and
                  | Discord to your library.
 16136 | D:12     | You pick up a book of Dreams and begin reading...
 16204 | D:12     | Reached XP level 12. HP: 74/74 MP: 0/28
 16388 | D:12     | Your ally Fannar died
 16397 | D:12     | Killed a centaur warrior
 16398 | D:12     | Reached skill level 13 in Spellcasting
 16530 | D:12     | Noticed a boulder beetle
 16541 | D:12     | Killed a boulder beetle
 16744 | D:12     | Noticed a centaur warrior
 16760 | D:12     | Killed a centaur warrior
 16761 | D:12     | Reached skill level 5 in Earth Magic
 16900 | D:12     | Reached skill level 12 in Necromancy
 17213 | D:12     | Noticed a storm dragon
 17227 | D:12     | HP: 13/74 [storm dragon/bolt of lightning (29)]
 17229 | D:12     | HP: 2/74 [storm dragon (7)]
 17241 | D:12     | Killed from afar by a storm dragon

Vanquished Creatures
  2 centaur warriors (D:12)
  Erica (D:8)
  A boulder beetle (D:12)
  A two-headed ogre (D:10)
  Pikel (D:8)
  An ugly thing (D:12)
  A cyclops (D:12)
  A manticore (D:12)
  Maurice (D:8)
  Maggie (D:10)
  An unseen horror (D:12)
  Psyche (D:8)
  A yaktaur (shapeshifter) (D:12)
  A freezing wraith (D:12)
  4 trolls
  3 hornets
  Grinder (Sewer)
  Sigmund (D:3)
  A wyvern (D:8)
  A wraith (D:12)
  3 yaks (D:11)
  Grum (D:11)
  A basilisk (D:12)
  2 steam dragons (D:10)
  6 vampire mosquitoes
  Edmund (D:6)
  A water moccasin (D:6)
  An acid dragon (D:9)
  2 black bears
  6 orc warriors
  3 ogres
  6 centaurs
  2 phantoms (D:6)
  3 lemures (D:8)
  3 bullfrogs
  3 kobold brigands
  A gnoll sergeant (D:4)
  3 scorpions (D:6)
  5 wights (D:9)
  17 killer bees
  2 howler monkeys
  A quasit (Sewer)
  4 hounds
  3 jellies
  Crazy Yiuf (D:4)
  5 orc priests
  Terence (D:2)
  Jessica (D:2)
  A sleepcap (D:8)
  2 iguanas
  5 orc wizards
  A mummy (D:5)
  Robin (D:4)
  11 gnolls
  14 adders
  A river rat (D:5)
  A shadow imp (Sewer)
  2 ufetubi (Sewer)
  2 worms
  3 dart slugs
  18 orcs
  5 endoplasms
  7 giant cockroaches
  15 goblins
  6 hobgoblins
  4 jackals
  7 quokkas
  13 ball pythons
  9 bats
  2 frilled lizards (D:1)
  A goblin zombie (D:5)
  31 kobolds
  2 kobold zombies
  8 rats
286 creatures vanquished.

Vanquished Creatures (collateral kills)
  Gastronok (D:12)
  Kirke (D:12)
  Fannar (D:12)
  A two-headed ogre (D:11)
  A shadow (D:6)
  A wyvern (D:11)
  2 hogs (D:12)
  A steam dragon (D:8)
  An acid dragon (D:10)
  2 wolves (D:11)
  A kobold brigand (D:9)
  3 wights (D:9)
  3 killer bees (D:10)
  A gnoll bouda (D:8)
  An orc priest (D:6)
  A hound (D:6)
  A mummy (Ossuary)
  6 gnolls
  A shadow imp (Sewer)
  A white imp (D:8)
  An ufetubus (D:7)
  An adder zombie (Sewer)
  3 orcs
  A jackal (D:5)
  6 kobolds
  A rat (D:1)
44 creatures vanquished.

Vanquished Creatures (others)
  A hydra (D:12)
  A centaur warrior (D:12)
  A hydra zombie (D:12)
  A human (D:12)
  An elf zombie (D:12)
  A wyvern zombie (D:8)
  A bullfrog zombie (Ossuary)
  11 killer bee zombies
  An adder (D:12)
  A gnoll (D:12)
  6 gnoll zombies
  An endoplasm (D:12)
  A kobold (D:12)
  A quokka (D:12)
  A ball python (D:12)
  An endoplasm zombie (D:12)
  5 kobold zombies (Sewer)
  7 orc zombies (D:8)
43 creatures vanquished.

Grand Total: 373 creatures vanquished

Table legend:
 A = Non-vault XP
 B = Vault XP
 C = Vault XP percentage of total XP
 D = Non-vault monster count
 E = Vault monster count
 F = Vault count percentage of total count
                 A         B        C        D         E       F
            +---------+---------+-------+---------+---------+-------
      Total |   13145 |   13966 |  51.5 |     209 |     116 |  35.7
            +---------+---------+-------+---------+---------+-------
        D:1 |      36 |       0 |   0.0 |      22 |       0 |   0.0
        D:2 |      98 |      77 |  44.0 |      22 |       4 |  15.4
        D:3 |     173 |     265 |  60.5 |      12 |      12 |  50.0
        D:4 |     301 |      75 |  19.9 |      17 |      12 |  41.4
        D:5 |     664 |      40 |   5.7 |      17 |       9 |  34.6
        D:6 |    1450 |     164 |  10.2 |      24 |       1 |   4.0
        D:7 |     156 |       0 |   0.0 |      11 |       0 |   0.0
        D:8 |     785 |    3070 |  79.6 |      15 |      23 |  60.5
        D:9 |    1602 |       0 |   0.0 |      27 |       0 |   0.0
       D:10 |    2449 |     418 |  14.6 |      18 |       1 |   5.3
       D:11 |    3750 |     419 |  10.1 |      19 |       3 |  13.6
       D:12 |    1681 |    8847 |  84.0 |       5 |      17 |  77.3
      Sewer |       0 |     573 | 100.0 |       0 |      33 | 100.0
    Ossuary |       0 |      18 | 100.0 |       0 |       1 | 100.0
            +---------+---------+-------+---------+---------+-------

Skill      XL: |  1  2  3  4  5  6  7  8  9 10 11 12 |
---------------+-------------------------------------+-----
Spellcasting   | 3 4 5 6 8 10 11 12 13 | 13.5
Dodging        | 2 3 4 5 7 8 10 | 10.0
Necromancy     | 5 6 7 9 10 11 12 | 12.0
Earth Magic    | 4 5 |  5.0
Stealth        | |  1.5

Action                     |  1- 3 |  4- 6 |  7- 9 | 10-12 || total
---------------------------+-------+-------+-------+-------++-------
  Melee: Unarmed           |    14 |     9 |    79 |       ||   102
         Punch             |       |       |     1 |     7 ||     8
         Short sword       |       |       |   207 |   272 ||   479
   Cast: Necrotise         |    67 |   108 |   151 |    30 ||   356
         Vampiric Draining |       |     6 |    51 |    70 ||   127
         Animate Dead      |       |       |     7 |     6 ||    13
         Agony             |       |       |    12 |    21 ||    33
         Dispel Undead     |       |       |     1 |     3 ||     4
         Borgnjor's Vile C |       |       |       |    67 ||    67
         Death Channel     |       |       |       |     2 ||     2
 Invoke: Unearth Wretches  |       |       |     1 |     3 ||     4
    Use: Scroll            |     2 |     5 |     6 |     6 ||    19
   Stab: Sleeping          |     1 |       |     1 |       ||     2
         Paralysed         |       |       |     1 |     4 ||     5
         Distracted        |       |       |     1 |     1 ||     2
 Armour: Robe              |     6 |    19 |   252 |   120 ||   397
         Troll leather arm |       |       |       |   102 ||   102
  Dodge: Dodged            |    15 |    44 |   391 |   370 ||   820

Illustrated notes

Table legend:
 A = Kills in this place as a percentage of kills in the entire game.
 B = Kills by you in this place as a percentage of kills by you in the entire game.
 C = Kills by friends in this place as a percentage of kills by friends in the entire game.
 D = Other kills in this place as a percentage of other kills in the entire game.
 E = Experience gained in this place as a percentage of experience gained in the entire game.
 F = Experience gained in this place divided by the number of levels of this place that you have seen.
                   A       B       C       D       E      F
               +-------+-------+-------+-------+-------+----------------------
         Total | 100.0 | 100.0 | 100.0 |   N/A | 100.0 | 1936.5
       Dungeon |  89.5 |  89.7 |  88.6 |   N/A |  97.8 | 2210.0
         Sewer |  10.2 |  10.3 |   9.1 |   N/A |   2.1 | 573.0
       Ossuary |   0.3 |   0.0 |   2.3 |   N/A |   0.1 |  18.0
               +-------+-------+-------+-------+-------+----------------------

Table legend: (Time is in decaauts)
 A = Elapsed time spent in this place.
 B = Non-inter-level travel time spent in this place.
 C = Inter-level travel time spent in this place.
 D = Time resting spent in this place.
 E = Time spent auto-exploring this place.
 F = Levels seen in this place.
 G = Mean time per level.
                   A        B        C        D        E       F      G
               +--------+--------+--------+--------+--------+-----+--------+
         Total |  17248 |  16712 |    536 |    783 |  13058 |  14 | 1232.0 |
       Dungeon |  16428 |  15892 |    536 |    670 |  12672 |  12 | 1369.0 |
         Sewer |    745 |    745 |      0 |     91 |    386 |   1 |  745.0 |
       Ossuary |     74 |     74 |      0 |     22 |      0 |   1 |   74.0 |
               +--------+--------+--------+--------+--------+-----+--------+

Top non-repeatable levels by time:
    D:12: 2070 daAuts
     D:9: 1634 daAuts
     D:8: 1516 daAuts
     D:4: 1408 daAuts
     D:2: 1403 daAuts
    D:11: 1395 daAuts
    D:10: 1330 daAuts
     D:1: 1264 daAuts
     D:7: 1243 daAuts
     D:6: 1091 daAuts
     D:5: 1046 daAuts
     D:3: 1022 daAuts
   Sewer: 745 daAuts
 Ossuary: 74 daAuts
